 Dungeon Crawl Stone Soup version 0.28.0-1-gb440e238dd (webtiles) character file.

Game seed: 2247863663701201611

35 Zeldest the Vexing (level 3, 0/18 HPs)
             Began as a Vine Stalker Wanderer on Feb 24, 2022.
             Was an Initiate of Gozag.
             Slain by a worm (3 damage)
             ... on level 2 of the Dungeon.
             The game lasted 00:04:08 (672 turns).

Zeldest the Vexing (Vine Stalker Wanderer)           Turns: 672, Time: 00:04:08

Health: 0/18       AC:  5    Str: 14    XL:     3   Next: 33%
Magic:  0/7        EV: 10    Int: 17    God:    Gozag
Gold:   48         SH:  0    Dex: 10    Spells: 6/6 levels left

rFire   . . .      SeeInvis .     - Unarmed
rCold   . . .      Faith    .   (no shield)
rNeg    . . .      Spirit   +   f - +0 ring mail
rPois   .          Reflect  .   (no helmet)
rElec   .          Harm     .   (no cloak)
rCorr   .          Rampage  .   (no gloves)
Will    .....                   (no boots)
Stlth   ..........              (no amulet)
HPRegen 0.06/turn               (no ring)
MPRegen 0.10/turn               (no ring)

@: no status effects
A: fangs 2, magic shield, antimagic bite, no potion heal 2
a: Renounce Religion, Potion Petition, Call Merchant, Bribe Branch


You were on level 2 of the Dungeon.
You worshipped Gozag.
Gozag was noncommittal.
You visited 1 branch of the dungeon, and saw 2 of its levels.

You collected 78 gold pieces.
You spent 30 gold pieces at shops.

Inventory:

Armour
 b - a +0 robe
 d - a +0 scale mail
 f - a +0 ring mail (worn)
Scrolls
 e - a scroll of teleportation
Potions
 a - a potion of lignification {unknown}
 c - a potion of curing


   Skills:
 + Level 2.2 Fighting
 - Level 1.0 Dodging
 * Level 1.9 Unarmed Combat
 - Level 2.1 Spellcasting
 - Level 3.0 Hexes
 - Level 2.0 Translocations
 + Level 1.1 Transmutations


You had 6 spell levels left.
You didn't know any spells.
Your spell library contained the following spells:

 Spells                   Type           Power      Damage    Failure   Level
 Slow                     Hex            48%        N/A       12%         1
 Apportation              Tloc           16%        N/A       17%         1
 Blink                    Tloc           16%        N/A       26%         2
 Ensorcelled Hibernation  Hex/Ice        12%        N/A       32%         2
 Confusing Touch          Hex            12%        N/A       34%         3
 Spider Form              Tmut/Pois      3%         N/A       67%         3
 Anguish                  Hex/Necr       3%         N/A       91%         4
 Iskenderun's Mystic Bla  Conj/Tloc      5%         2d3       95%         4


Dungeon Overview and Level Annotations

Branches:
Dungeon (2/15)

Altars:
Gozag

Shops:
D:1 ?


Innate Abilities, Weirdness & Mutations

You have extremely sharp teeth.
When hurt, damage is shared between your health and your magic reserves.
Your bite disrupts and absorbs the magic of your enemies.
Potions cannot restore your health.


Message History

The kobold hits you with a +0 short sword.
You hit the kobold.
The kobold is severely wounded.
The bat hits you.
The frilled lizard bites you but does no damage.
The kobold hits you with a +0 short sword.
* * * LOW HITPOINT WARNING * * *
You hit the kobold.
You kill the kobold!
The bat is distracted by your dazzling golden aura.
The frilled lizard closely misses you.
You closely miss the frilled lizard.
The frilled lizard completely misses you.
You closely miss the frilled lizard. You bite the frilled lizard.
You kill the frilled lizard!
You closely miss the bat.
The bat is no longer distracted by gold.
The bat closely misses you. The bat barely misses you.
You see here 6 gold pieces.
You closely miss the bat. You bite the bat, but do no damage.
The bat hits you but does no damage.
You hit the bat.
You kill the bat!
You now have 28 gold pieces (gained 7).
You now have 34 gold pieces (gained 6).
You now have 38 gold pieces (gained 4).
You see here a +0 short sword.
You now have 39 gold pieces (gained 1).
You see here 4 poisoned darts.
You now have 48 gold pieces (gained 9).
A worm comes into view.
Found a pair of boots.
The worm bites you.
* * * LOW HITPOINT WARNING * * *
You hit the worm. You bite the worm. You drain its power.
You feel invigorated.
The worm is lightly wounded.
The worm bites you!
You die...
Your body crumbles into a pile of gold.

.## ... ###### #.#
#....# #..###....####
#...#..)(#... #
####.......'##
####.#####..........#..
#....w@....####....##..
#......##### #....###.
#.....## #....# #.
#....[ #....###. ######
#....##.. #######..
###'## #..... #.....


You could see a worm.

Vanquished Creatures
  A dart slug (D:1)
  3 endoplasms
  A giant cockroach (D:1)
  6 goblins
  4 hobgoblins
  A jackal (D:2)
  A kobold (D:2)
  2 quokkas (D:1)
  2 ball pythons (D:1)
  3 bats
  A frilled lizard (D:2)
  2 rats (D:1)
27 creatures vanquished.

Vanquished Creatures (others)
  6 plants (D:1)
6 creatures vanquished.

Grand Total: 33 creatures vanquished

Notes
Turn   | Place    | Note
-------+----------+-------------------------------------------
     0 | D:1      | Zeldest the Vine Stalker Wanderer began the quest for the
                  | Orb.
     0 | D:1      | Zeldest set off with the following items: a +0 club, a +0
                  | robe, a potion of curing; and the following spells
                  | available to memorise: Slow, Apportation, Blink, Confusing
                  | Touch, Iskenderun's Mystic Blast
     0 | D:1      | Reached XP level 1. HP: 11/11 MP: 4/4
   198 | D:1      | Reached skill level 1 in Unarmed Combat
   198 | D:1      | Reached XP level 2. HP: 6/15 MP: 6/6
   241 | D:1      | Found Umawnoy's Magic Scroll Emporium.
   244 | D:1      | Bought a scroll of teleportation for 30 gold pieces
   494 | D:1      | Reached XP level 3. HP: 6/18 MP: 4/7
   533 | D:2      | Reached skill level 1 in Transmutations
   617 | D:2      | Found a faded altar of an unknown god.
   625 | D:2      | Prayed at the altar of an unknown god.
   625 | D:2      | Became a worshipper of Gozag Ym Sagoz the Greedy
   672 | D:2      | Slain by a worm

Illustrated notes

Levels and vault maps discovered:
D:1:      roderic_crop_circles_arrival_small, layout_basic, serial_shops,
          nicolae_shop_behind_doors
D:2:      layout_rooms, hellmonk_ecumenical_altar_slurped_away, uniq_jessica

Skill      XL: |  1  2  3 |
---------------+----------+-----
Fighting       | 2 |  2.2
Unarmed Combat | 1 |  1.9
Transmutations | 1 |  1.1
Dodging        | |  1.0
Spellcasting   | |  2.1
Hexes          | |  3.0
Translocations | |  2.0

Action                   || total
-------------------------++-------
Melee: Unarmed           ||   126
       Bite              ||    31
       Club              ||     1
Armor: Robe              ||     6
       Scale mail        ||    24
       Ring mail         ||    24
Dodge: Dodged            ||    63
